 Dungeon Crawl Stone Soup version 0.29-a0-919-gd064cfad1c (webtiles) character file.

Game seed: 15227308157961081045

837 quixfox the Digger (level 7, -6/37 HPs)
             Began as a Gargoyle Earth Elementalist on July 26, 2022.
             Mangled by a wight
             ... wielding a +4 great sword
              (12 damage)
             ... on level 4 of the Dungeon.
             The game lasted 00:13:56 (4097 turns).

quixfox the Digger (Gargoyle Earth Elementalist)    Turns: 4097, Time: 00:13:57

Health: -6/37      AC:  9    Str: 12    XL:     7   Next: 99%
Magic:  11/14      EV: 11    Int: 17    God:
Gold:   292        SH:  0    Dex: 10    Spells: 10/16 levels left

rFire   . . .      SeeInvis .   o - +2 short sword (venom)
rCold   . . .      Faith    .   (no shield)
rNeg    + . .      Spirit   .   a - +0 robe
rPois   ∞          Reflect  .   r - +2 helmet
rElec   +          Harm     .   (no cloak)
rCorr   .          Rampage  .   (no gloves)
Will    .....                   (no boots)
Stlth   ++........              (no amulet)
HPRegen 0.12/turn               c - ring of flight
MPRegen 0.14/turn               (no ring)

@: flying
A: sickness immunity, AC +4, negative energy resistance 1, electricity
resistance, torment resistance 1, petrification resistance
a: no special abilities


You were on level 4 of the Dungeon.
You visited 1 branch of the dungeon, and saw 4 of its levels.
You also visited: Sewer.

You collected 292 gold pieces.

Inventory:

Hand Weapons
 o - a +2 short sword of venom (weapon)
Armour
 a - a +0 robe (worn)
 r - a +2 helmet (worn)
Jewellery
 c - a ring of flight (left hand)
 d - a ring of fire
Wands
 l - a wand of paralysis (11)
Scrolls
 e - a scroll of noise {unknown}
 f - 2 scrolls of amnesia {unknown}
 i - 5 scrolls of identify
 j - a scroll of brand weapon {unknown}
 m - 3 scrolls of teleportation {unknown}
 n - 2 scrolls of magic mapping {unknown}
Potions
 b - a potion of magic
 g - a potion of haste {unknown}
 h - 3 potions of curing {unknown}
 k - 3 potions of invisibility
 p - a potion of cancellation {unknown}
 q - a potion of berserk rage {unknown}
 s - 2 potions of mutation {unknown}
 t - a potion of heal wounds {unknown}


   Skills:
 + Level 0.8 Fighting
 - Level 1.5 Dodging
 - Level 2.1 Stealth
 + Level 5.0 Spellcasting
 + Level 4.9 Conjurations
 - Level 0.7 Transmutations
 + Level 7.1 Earth Magic


You had 10 spell levels left.
You knew the following spells:

 Your Spells              Type           Power      Damage    Failure   Level
a - Sandblast             Erth           56%        2d13      1%          1
b - Passwall              Tmut/Erth      14%        N/A       4%          2
c - Stone Arrow           Conj/Erth      48%        3d10      3%          3

Your spell library contained the following spells:

 Spells                   Type           Power      Damage    Failure   Level
 Blink                    Tloc           8%         N/A       22%         2
 Petrify                  Tmut/Erth      17%        N/A       28%         4
 Lesser Beckoning         Tloc           4%         N/A       38%         3
 Manifold Assault         Tloc           4%         N/A       98%         5


Dungeon Overview and Level Annotations

Branches:
Dungeon (4/15)              Sewer (visited)
 Temple: D:4-7

Altars:

Shops:
D:1 *

Annotations:
D:3 4 runed translucent doors, Crazy Yiuf; Yogidamonk's ghost, amateur GrEE


Innate Abilities, Weirdness & Mutations

You are immune to sickness and miasma.
Your stone body is resilient. (AC +4)
You are immune to poison.
You resist negative energy. (rN+)
You are resistant to electric shocks. (rElec)
You are resistant to unholy torment.
You are immune to petrification.


Message History

The orc shouts!
The blast of sand hits the orc!
You kill the orc!
HP restored.
t - a puce potion
m - 3 scrolls labelled GANIEQ GA CEQA (gained 1)
A wight comes into view.
It is wielding a +3 short sword. 2 wights come into view.
The blast of sand hits the wight but does no damage.
Aiming: Sandblast (safe; 1% risk of failure)
Press: ? - help, Q - select action, (/) - cycle Shift-Dir - straight line, f - wight, p - wight
Aim: a wight, wielding a +4 great sword and wearing a +0 robe (83% to hit)
The blast of sand hits the wight.
The wight is moderately damaged.
Aiming: Sandblast (safe; 1% risk of failure)
Press: ? - help, Q - select action, (/) - cycle Shift-Dir - straight line, f/p - wight
Aim: a wight, wielding a +4 great sword and wearing a +0 robe (moderately damaged, 83% to hit)
The blast of sand misses the wight.
The blast of sand hits the wight.
The wight is moderately damaged.
The wight closely misses you.
Aiming: Sandblast (safe; 1% risk of failure)
Press: ? - help, Q - select action, (/) - cycle Shift-Dir - straight line, f/p - wight
Aim: a wight, wielding a +4 great sword and wearing a +0 robe (moderately damaged, 83% to hit)
The blast of sand hits the wight but does no damage.
The wight is moderately damaged.
The wight hits you with a +4 great sword! x2
Aiming: Sandblast (safe; 1% risk of failure)
Press: ? - help, Q - select action, (/) - cycle Shift-Dir - straight line, f/p - wight
Aim: a wight, wielding a +4 great sword and wearing a +0 robe (moderately damaged, 83% to hit)
The blast of sand hits the wight.
The wight is severely damaged.
The wight hits you but does no damage.
The wight hits you with a +4 great sword!
* * * LOW HITPOINT WARNING * * *
Okay, then.
As you read the scroll labelled SAHUUNLIDDI, it crumbles to dust.
It is a scroll of identify.
k - 3 potions of invisibility The wight hits you with a +4 great sword!
You die...

#.............#<..#
#########.#######.......
........#)## #.......#
...........# #.......#
........)..# #.......#
...........# #.......#
..........## .......
........#.# ........#@#
........#z# ........#z#
##### #.# #z# #.# #.#
#.# ..........z....


You could see 3 wights.

Vanquished Creatures
  8 kobold brigands (Sewer)
  A hound (D:4)
  Terence (D:3)
  4 gnolls (D:2)
  11 adders
  A river rat (Sewer)
  2 worms (Sewer)
  A dart slug (D:1)
  3 orcs
  8 bats
  6 endoplasms
  A giant cockroach (D:4)
  6 goblins
  6 hobgoblins
  3 jackals (D:3)
  6 kobolds
  6 quokkas
  15 ball pythons
  4 frilled lizards
  10 rats
103 creatures vanquished.

Vanquished Creatures (others)
  A fungus (D:3)
  3 plants (D:3)
4 creatures vanquished.

Grand Total: 107 creatures vanquished

Notes
Turn   | Place    | Note
-------+----------+-------------------------------------------
     0 | D:1      | quixfox the Gargoyle Earth Elementalist began the quest for
                  | the Orb.
     0 | D:1      | Reached XP level 1. HP: 10/10 MP: 3/3
   204 | D:1      | Reached XP level 2. HP: 15/15 MP: 1/5
   205 | D:1      | Reached skill level 4 in Earth Magic
   430 | D:1      | Found Efruntoh's General Store.
   669 | D:1      | Reached XP level 3. HP: 19/19 MP: 2/6
   672 | D:1      | Learned a level 2 spell: Passwall
   676 | D:1      | Learned a level 3 spell: Stone Arrow
  1434 | D:2      | You are sucked into a shaft and drop 1 floor!
  1467 | D:3      | Reached skill level 1 in Conjurations
  1468 | D:3      | Reached XP level 4. HP: 23/24 MP: 2/8
  1651 | D:3      | Found a glowing drain.
  1661 | Sewer    | Entered a sewer
  1696 | Sewer    | Noticed a kobold brigand
  1773 | Sewer    | Noticed a kobold brigand
  1792 | Sewer    | Killed a kobold brigand
  1793 | Sewer    | Reached skill level 5 in Earth Magic
  1793 | Sewer    | Reached XP level 5. HP: 28/28 MP: 4/10
  1946 | Sewer    | Noticed a kobold brigand
  1960 | Sewer    | Killed a kobold brigand
  1961 | Sewer    | Reached XP level 6. HP: 32/32 MP: 5/11
  2248 | Sewer    | Reached skill level 6 in Earth Magic
  2319 | Sewer    | Reached XP level 7. HP: 36/36 MP: 9/13
  2758 | D:3      | Found a runed translucent gate.
  2901 | D:3      | Found a runed translucent door.
  2902 | D:3      | Noticed Crazy Yiuf
  3121 | D:2      | Reached skill level 7 in Earth Magic
  3512 | D:3      | Found a runed translucent gate.
  3513 | D:3      | Found a runed translucent gate.
  3513 | D:3      | Noticed Yogidamonk's ghost (amateur GrEE)
  3738 | D:3      | Noticed Terence
  3741 | D:3      | Killed Terence
  3758 | D:3      | Found a faded altar of an unknown god.
  4000 | D:4      | Reached skill level 5 in Spellcasting
  4097 | D:4      | Mangled by a wight

Illustrated notes

Levels and vault maps discovered:
D:1:      dpeg_arrival_rooms_with_view, layout_basic, serial_curves,
          eino_curves_03, eino_curves_02, serial_shops, nicolae_square_shop
D:2:      layout_loops_ring, hangedman_decor_diamond_cutter,
          kennysheep_generic_room_11
D:3:      layout_loops_ring, gammafunk_ghost_nasty_kobolds,
          portal_sewer_entry_d, hellmonk_ecumenical_altar_run_dry,
          minmay_pentomino_pile, uniq_crazy_yiuf_cottage, uniq_terence
D:4:      layout_basic

Skill      XL: |  1  2  3  4  5  6  7 |
---------------+----------------------+-----
Earth Magic    | 4 5 6 7 |  7.1
Conjurations   | 1 2 3 4 |  4.9
Spellcasting   | 3 4 5 |  5.0
Fighting       | |  0.8
Dodging        | |  1.5
Stealth        | |  2.1
Transmutations | |  0.7

Action                   |  1- 3 |  4- 6 |  7- 9 || total
-------------------------+-------+-------+-------++-------
Melee: Short sword       |       |     1 |       ||     1
 Cast: Sandblast         |    51 |    66 |    71 ||   188
  Use: Scroll            |       |       |     1 ||     1
Armor: Robe              |    15 |     7 |    19 ||    41
Dodge: Dodged            |    21 |    16 |    33 ||    70

Table legend: (Time is in decaauts)
 A = Elapsed time spent in this place.
 B = Non-inter-level travel time spent in this place.
 C = Inter-level travel time spent in this place.
 D = Time resting spent in this place.
 E = Time spent auto-exploring this place.
 F = Levels seen in this place.
 G = Mean time per level.
                   A        B        C        D        E       F      G
               +--------+--------+--------+--------+--------+-----+--------+
         Total |   4282 |   4200 |     82 |    164 |   2881 |   5 |  856.4 |
       Dungeon |   3210 |   3128 |     82 |     57 |   2457 |   4 |  802.5 |
         Sewer |   1072 |   1072 |      0 |    107 |    424 |   1 | 1072.0 |
               +--------+--------+--------+--------+--------+-----+--------+

Top non-repeatable levels by time:
   Sewer: 1072 daAuts
     D:1: 1031 daAuts
     D:2: 1016 daAuts
     D:3: 979 daAuts
     D:4: 183 daAuts
